TOP OF THE 1ST |
Visalia Mets batting - Pitching for Salinas Fire Frogs : RHP Juan Cardona
|
Pitching: RHP Juan Cardona
|
|
Batting: LHB Huey Gayden
|
0-0: Ball 1-0: Ball 2-0: Ball 3-0: Base on Balls
|
Batting: RHB Ed Sedar
|
0-0: Called Strike 0-1: Ball 1-1: Ball 2-1: Foul Ball, location: 2F 2-2: Foul Ball, location: 2F 2-2: SINGLE (Line Drive, 6D, EV 93.8 MPH) Huey Gayden to second
|
Batting: SHB David Navarro
|
0-0: Foul Ball, location: 2F 0-1: Foul Ball, location: 2F 0-2: Ball 1-2: Strikes out swinging
|
Batting: RHB Michael Dunn
|
0-0: Ball 1-0: Swinging Strike 1-1: Called Strike 1-2: Fly out, F3 (Flyball, 3D, EV 87.5 MPH)
|
Batting: SHB Marcos Gomez
|
0-0: Swinging Strike 0-1: Swinging Strike 0-2: Foul Ball, location: 2F 0-2: Foul Ball, location: 2F 0-2: Ball 1-2: Strikes out swinging
|
Top of the 1st over - 0 runs, 1 hit, 0 errors, 2 left on base; Visalia 0 - Salinas 0 |
BOTTOM OF THE 1ST |
Salinas Fire Frogs batting - Pitching for Visalia Mets : RHP Mark Gubicza
|
Pitching: RHP Mark Gubicza
|
|
Batting: SHB Bernardo Howard
|
0-0: Ball 1-0: Ball 2-0: Ball 3-0: Base on Balls
|
Batting: RHB Bobby Morin
|
0-0: Ball Wild Pitch! Bernardo Howard to second 1-0: Called Strike 1-1: Ball 2-1: Called Strike 2-2: Ball 3-2: Foul Ball, location: 2F 3-2: Base on Balls
|
Batting: RHB Kevin Mitchell
|
0-0: Called Strike 0-1: Fly out, F6 (Flyball, 5D, EV 93.8 MPH)
|
Batting: RHB Jason Felice
|
0-0: Ball Wild Pitch! Bernardo Howard to third Bobby Morin to second 1-0: Called Strike 1-1: Ball 2-1: Ground out 6-3 (Groundball, 56, EV 105.0 MPH) Bernardo Howard scores
|
Batting: LHB Charles McGehee
|
0-0: Called Strike 0-1: Ball 1-1: Called Strike 1-2: Fly out, F9 (Flyball, 89M, EV 81.9 MPH)
|
Bottom of the 1st over - 1 run, 0 hits, 0 errors, 1 left on base; Visalia 0 - Salinas 1 |
TOP OF THE 2ND |
Visalia Mets batting - Pitching for Salinas Fire Frogs : RHP Juan Cardona
|
Batting: RHB Eddie Dennis
|
0-0: Swinging Strike 0-1: Ball 1-1: Called Strike 1-2: Ball 2-2: Ball 3-2: Foul Ball, location: 2F 3-2: Strikes out looking
|
Batting: RHB Mitchell Ashmore
|
0-0: Foul Ball, location: 2F 0-1: Foul Ball, location: 2F 0-2: Ball 1-2: Foul Ball, location: 2F 1-2: Ball 2-2: Ground out 5-3 (Groundball, 56S, EV 66.3 MPH)
|
Batting: SHB Rene Quinones
|
0-0: Ball 1-0: Ball 2-0: Ground out 1-3 (Groundball, P, EV 90.6 MPH)
|
Top of the 2nd over - 0 runs, 0 hits, 0 errors, 0 left on base; Visalia 0 - Salinas 1 |
BOTTOM OF THE 2ND |
Salinas Fire Frogs batting - Pitching for Visalia Mets : RHP Mark Gubicza
|
Batting: LHB Georgie Cruz
|
0-0: Ball 1-0: Foul Ball, location: 2F 1-1: Ball 2-1: Ball 3-1: Base on Balls
|
Batting: RHB Therron Harper
|
0-0: Ball 1-0: Called Strike Georgie Cruz is caught stealing 2nd base 2-4 1-1: Ground out 6-3 (Groundball, 6, EV 102.5 MPH)
|
Batting: RHB Carlos Urias
|
0-0: Ball 1-0: DOUBLE (Line Drive, 7LS, EV 99.4 MPH)
|
Batting: RHB Jordan Chavez
|
0-0: Called Strike 0-1: Ball 1-1: Ball 2-1: Fly out, F6 (Flyball, 6D, EV 83.1 MPH)
|
Bottom of the 2nd over - 0 runs, 1 hit, 0 errors, 1 left on base; Visalia 0 - Salinas 1 |
TOP OF THE 3RD |
Visalia Mets batting - Pitching for Salinas Fire Frogs : RHP Juan Cardona
|
Batting: RHB Lloyd Bessard
|
0-0: Ball 1-0: Ball 2-0: Foul Ball, location: 2F 2-1: Ball 3-1: Fly out, F9 (Line Drive, 9, EV 91.9 MPH)
|
Batting: LHB Huey Gayden
|
0-0: Foul Ball, location: 2F 0-1: Ground out 4-3 (Groundball, 4, EV 103.8 MPH)
|
Batting: RHB Ed Sedar
|
0-0: Ball 1-0: Ball 2-0: Foul Ball, location: 2F 2-1: Ball 3-1: Base on Balls
|
Batting: SHB David Navarro
|
0-0: Foul Ball, location: 2F 0-1: Ball 1-1: Ball 2-1: Ball Ed Sedar steals 2nd base 3-1: Base on Balls
|
Batting: RHB Michael Dunn
|
0-0: Called Strike 0-1: Called Strike 0-2: Ground out 5-3 (Groundball, 56S, EV 90.6 MPH)
|
Top of the 3rd over - 0 runs, 0 hits, 0 errors, 2 left on base; Visalia 0 - Salinas 1 |
BOTTOM OF THE 3RD |
Salinas Fire Frogs batting - Pitching for Visalia Mets : RHP Mark Gubicza
|
Batting: SHB Bernardo Howard
|
0-0: Ball 1-0: Foul Ball, location: 2F 1-1: Ball 2-1: SINGLE (Groundball, 34D, EV 94.4 MPH)
|
Batting: RHB Bobby Morin
|
0-0: Ball 1-0: SINGLE (Flyball, 8LS, EV 98.8 MPH) Bernardo Howard to second Runner from 2nd tries for 3rd, SAFE, throw by CF made to third
|
Batting: RHB Kevin Mitchell
|
0-0: Ball 1-0: Swinging Strike 1-1: Foul Ball, location: 2F 1-2: Foul Ball, location: 2F 1-2: Strikes out swinging
|
Batting: RHB Jason Felice
|
0-0: Ball 1-0: Ball 2-0: Called Strike 2-1: Grounds into double play, 4-6-3 (Groundball, 4, EV 100.6 MPH)
|
Bottom of the 3rd over - 0 runs, 2 hits, 0 errors, 1 left on base; Visalia 0 - Salinas 1 |
TOP OF THE 4TH |
Visalia Mets batting - Pitching for Salinas Fire Frogs : RHP Juan Cardona
|
Batting: SHB Marcos Gomez
|
0-0: Swinging Strike 0-1: Foul Ball, location: 2F 0-2: Ground out 4-3 (Groundball, 4, EV 87.5 MPH)
|
Batting: RHB Eddie Dennis
|
0-0: Fly out, F9 (Flyball, 9, EV 80.6 MPH)
|
Batting: RHB Mitchell Ashmore
|
0-0: Ball 1-0: Called Strike 1-1: Ground out 1-3 (Groundball, 15S, EV 67.5 MPH)
|
Top of the 4th over - 0 runs, 0 hits, 0 errors, 0 left on base; Visalia 0 - Salinas 1 |
BOTTOM OF THE 4TH |
Salinas Fire Frogs batting - Pitching for Visalia Mets : RHP Mark Gubicza
|
Batting: LHB Charles McGehee
|
0-0: Ball 1-0: Ball 2-0: Called Strike 2-1: Ball 3-1: Base on Balls
|
Batting: LHB Georgie Cruz
|
0-0: Called Strike 0-1: Ball 1-1: Foul Ball, location: 2F 1-2: SINGLE (Flyball, 56D, EV 90.6 MPH) Charles McGehee to second
|
Batting: RHB Therron Harper
|
0-0: Fly out, F8 (Line Drive, 8LD, EV 94.4 MPH)
|
Batting: RHB Carlos Urias
|
0-0: Foul Ball, location: 2F 0-1: SINGLE (Groundball, 34D, EV 100.0 MPH) Charles McGehee to third Georgie Cruz to second Runner from 3rd tries for Home, SAFE, throw by RF to home
|
Batting: RHB Jordan Chavez
|
0-0: Ball 1-0: Ball 2-0: Called Strike 2-1: Foul Ball, location: 2F 2-2: Strikes out swinging
|
Batting: SHB Bernardo Howard
|
0-0: Ball 1-0: Ball 2-0: Called Strike 2-1: SINGLE (Line Drive, 34D, EV 108.1 MPH) Georgie Cruz to third Carlos Urias to second Runner from 3rd tries for Home, SAFE, throw by RF to home
|
Batting: RHB Bobby Morin
|
0-0: Called Strike 0-1: Ball 1-1: Foul Ball, location: 2F 1-2: Strikes out swinging
|
Bottom of the 4th over - 2 runs, 3 hits, 0 errors, 2 left on base; Visalia 0 - Salinas 3 |
TOP OF THE 5TH |
Visalia Mets batting - Pitching for Salinas Fire Frogs : RHP Juan Cardona
|
Batting: SHB Rene Quinones
|
0-0: Ball 1-0: Ground out 1-3 (Groundball, 15S, EV 71.9 MPH)
|
Batting: RHB Lloyd Bessard
|
0-0: Foul Ball, location: 2F 0-1: Fly out, F2 (Popup, 23F, EV 73.1 MPH)
|
Batting: LHB Huey Gayden
|
0-0: Called Strike 0-1: Foul Ball, location: 2F 0-2: Ball 1-2: Hit by Pitch
|
Batting: RHB Ed Sedar
|
0-0: Ground out U3 (Groundball, 34S, EV 63.8 MPH)
|
Top of the 5th over - 0 runs, 0 hits, 0 errors, 1 left on base; Visalia 0 - Salinas 3 |
BOTTOM OF THE 5TH |
Salinas Fire Frogs batting - Pitching for Visalia Mets : RHP Mark Gubicza
|
Batting: RHB Kevin Mitchell
|
0-0: Ball 1-0: Fly out, F8 (Line Drive, 8LM, EV 89.4 MPH)
|
Batting: RHB Jason Felice
|
0-0: Ball 1-0: Foul Ball, location: 2F 1-1: Ball 2-1: Foul Ball, location: 2F 2-2: Foul Ball, location: 2F 2-2: Foul Ball, location: 2F 2-2: Fly out, F9 (Flyball, 9, EV 94.4 MPH)
|
Batting: LHB Charles McGehee
|
0-0: Ball 1-0: Called Strike 1-1: Swinging Strike 1-2: Strikes out looking
|
Bottom of the 5th over - 0 runs, 0 hits, 0 errors, 0 left on base; Visalia 0 - Salinas 3 |
TOP OF THE 6TH |
Visalia Mets batting - Pitching for Salinas Fire Frogs : RHP Juan Cardona
|
Batting: SHB David Navarro
|
0-0: Called Strike 0-1: Ball 1-1: Foul Ball, location: 2F 1-2: Ball 2-2: Ground out 4-3 (Groundball, 4M, EV 101.9 MPH)
|
Batting: RHB Michael Dunn
|
0-0: Ball 1-0: Called Strike 1-1: Foul Ball, location: 2F 1-2: Ball 2-2: Foul Ball, location: 2F 2-2: Foul Ball, location: 2F 2-2: Ball 3-2: Ground out 6-3 (Groundball, 6, EV 105.0 MPH)
|
Batting: SHB Marcos Gomez
|
0-0: Called Strike 0-1: Swinging Strike 0-2: Ball 1-2: Ball 2-2: Foul Ball, location: 2F 2-2: Fly out, F9 (Line Drive, 9D, EV 100.0 MPH)
|
Top of the 6th over - 0 runs, 0 hits, 0 errors, 0 left on base; Visalia 0 - Salinas 3 |
BOTTOM OF THE 6TH |
Salinas Fire Frogs batting - Pitching for Visalia Mets : RHP Mark Gubicza
|
Batting: LHB Georgie Cruz
|
0-0: Swinging Strike 0-1: Foul Ball, location: 2F 0-2: Ball 1-2: Strikes out swinging
|
Batting: RHB Therron Harper
|
0-0: Called Strike 0-1: Ball 1-1: Ground out 6-3 (Groundball, 6, EV 83.1 MPH)
|
Batting: RHB Carlos Urias
|
0-0: Called Strike 0-1: Ball 1-1: Foul Ball, location: 2F 1-2: Ball 2-2: SINGLE (Flyball, 4D, EV 96.3 MPH) - OUT at second base trying to stretch hit.
|
Bottom of the 6th over - 0 runs, 1 hit, 0 errors, 0 left on base; Visalia 0 - Salinas 3 |
TOP OF THE 7TH |
Visalia Mets batting - Pitching for Salinas Fire Frogs : RHP Juan Cardona
|
Batting: RHB Eddie Dennis
|
0-0: Called Strike 0-1: Foul Ball, location: 2F 0-2: Ground out 6-3 (Groundball, 6, EV 87.5 MPH)
|
Batting: RHB Mitchell Ashmore
|
0-0: Foul Ball, location: 2F 0-1: Ball 1-1: SINGLE (Groundball, 56, EV 89.4 MPH) (infield hit)
|
Batting: SHB Rene Quinones
|
0-0: Swinging Strike 0-1: Foul Ball, location: 2F 0-2: Ball 1-2: Ball 2-2: Ball 3-2: Strikes out swinging
|
Batting: RHB Lloyd Bessard
|
0-0: Foul Ball, location: 2F 0-1: Foul Ball, location: 2F 0-2: Ball 1-2: Fly out, F7 (Flyball, 78S, EV 85.6 MPH)
|
Top of the 7th over - 0 runs, 1 hit, 0 errors, 1 left on base; Visalia 0 - Salinas 3 |
BOTTOM OF THE 7TH |
Salinas Fire Frogs batting - Pitching for Visalia Mets : RHP Mark Gubicza
|
Batting: RHB Jordan Chavez
|
0-0: Called Strike 0-1: Foul Ball, location: 2F 0-2: Ball 1-2: Ball 2-2: Foul Ball, location: 2F 2-2: Strikes out swinging
|
Batting: SHB Bernardo Howard
|
0-0: Ball 1-0: Called Strike 1-1: Ball 2-1: Ball 3-1: Called Strike 3-2: Foul Ball, location: 2F 3-2: Foul Ball, location: 2F 3-2: Foul Ball, location: 2F 3-2: Ground out 6-3 (Groundball, 6, EV 91.3 MPH)
|
Batting: RHB Bobby Morin
|
0-0: Foul Ball, location: 2F 0-1: Ball 1-1: Ground out 5-3 (Groundball, 56, EV 88.8 MPH)
|
Bottom of the 7th over - 0 runs, 0 hits, 0 errors, 0 left on base; Visalia 0 - Salinas 3 |
TOP OF THE 8TH |
Visalia Mets batting - Pitching for Salinas Fire Frogs : RHP Juan Cardona
|
Batting: LHB Huey Gayden
|
0-0: Ball 1-0: Ball 2-0: Fly out, F8 (Flyball, 8LXD, EV 95.0 MPH)
|
Batting: RHB Ed Sedar
|
0-0: Ball 1-0: Fly out, F7 (Flyball, 7, EV 91.9 MPH)
|
Batting: SHB David Navarro
|
0-0: Foul Ball, location: 2F 0-1: Foul Ball, location: 2F 0-2: Ball 1-2: Fly out, F8 (Flyball, 8LD, EV 100.6 MPH)
|
Top of the 8th over - 0 runs, 0 hits, 0 errors, 0 left on base; Visalia 0 - Salinas 3 |
BOTTOM OF THE 8TH |
Salinas Fire Frogs batting - Pitching for Visalia Mets : RHP Mark Gubicza
|
Pitching: LHP Bill Moloney
|
|
Batting: RHB Kevin Mitchell
|
0-0: Ball 1-0: Ball 2-0: Foul Ball, location: 2F 2-1: Ball 3-1: Base on Balls
|
Batting: RHB Jason Felice
|
0-0: Ball 1-0: Swinging Strike 1-1: Ball 2-1: Swinging Strike 2-2: Ball 3-2: SINGLE (Line Drive, 78S, EV 95.0 MPH) Kevin Mitchell to second
|
Batting: LHB Charles McGehee
|
0-0: Called Strike 0-1: Ball Wild Pitch! Kevin Mitchell to third Jason Felice to second 1-1: Ball 2-1: Foul Ball, location: 2F 2-2: Ball Passed Ball! Kevin Mitchell scores Jason Felice to third 3-2: Base on Balls
|
Batting: LHB Georgie Cruz
|
0-0: Ball 1-0: Foul Ball, location: 2F 1-1: Ball 2-1: Ball 3-1: DOUBLE (Line Drive, 9LM, EV 99.4 MPH) Jason Felice scores Charles McGehee to third
|
Batting: RHB Therron Harper
|
0-0: Ball 1-0: Swinging Strike 1-1: Foul Ball, location: 2F 1-2: Ground out 1-3 (Groundball, 13, EV 86.3 MPH)
|
Batting: RHB Carlos Urias
|
0-0: Ground out 4-3 (Groundball, 34, EV 85.0 MPH) Charles McGehee scores Georgie Cruz to third
|
Batting: RHB Jordan Chavez
|
0-0: Fly out, F7 (Flyball, 78M, EV 90.0 MPH)
|
Bottom of the 8th over - 3 runs, 2 hits, 0 errors, 1 left on base; Visalia 0 - Salinas 6 |
TOP OF THE 9TH |
Visalia Mets batting - Pitching for Salinas Fire Frogs : RHP Juan Cardona
|
Batting: RHB Michael Dunn
|
0-0: Ball 1-0: Ground out 5-3 (Groundball, 56, EV 102.5 MPH)
|
Batting: SHB Marcos Gomez
|
0-0: SINGLE (Line Drive, 7S, EV 91.3 MPH)
|
Batting: RHB Eddie Dennis
|
0-0: SINGLE (Line Drive, 7S, EV 101.3 MPH) Marcos Gomez to second Marcos Gomez to third
|
Batting: RHB Mitchell Ashmore
|
0-0: Ball 1-0: Ball 2-0: SINGLE (Groundball, 34D, EV 97.5 MPH) Marcos Gomez scores Eddie Dennis to second
|
Batting: SHB Rene Quinones
|
0-0: Ball 1-0: Swinging Strike 1-1: Ball 2-1: Grounds into double play, 6-4-3 (Groundball, 6D, EV 90.0 MPH)
|
Top of the 9th over - 1 run, 3 hits, 0 errors, 1 left on base; Visalia 1 - Salinas 6 |
|